Bloop, chaotic male elven Priest # ------ ------- --------------### .....| |......#####o@########----------- |.............# #......| |.....|########f######..........| |............| # .$...| |.....|# |.........| |............| ##......| |......# .........| |(...........| ## ...... |.....|# ........| |............. ## ....| ---+---# ........| -+-|---------- # -----#### ################## --------- #### ################### # # # # # # ############## # ### --.-------+-# # |..........|# ###------------- |...........# #............| |..........| |.....<.....| ------------ |...........| ------------- Bloop the Acolyte Experience level: 3 Strength: 13 Dexterity: 12 Constitution: 13 Intelligence: 8 Wisdom: 19 Charisma: 9 Health: 0(22) Energy: 28(28) Def: 5 Gold: 291 Moves: 1010 Dungeon seed: r5AoKWdTIKL6aMja Game ID: Bloop_1614041611 Your Inventory: Coins $ - 291 gold pieces Weapons a - a blessed +1 mace (weapon in hand) v - a +0 orcish dagger Armor e - a +0 robe (being worn) n - a +0 small shield (being worn) q - a +0 pair of speed boots (being worn) r - a +0 orcish helm (being worn) Comestibles c - a clove of garlic d - 2 sprigs of wolfsbane m - 3 food rations p - a cram ration Scrolls i - 2 scrolls of enchant armor k - a scroll of light o - a scroll of identify Spellbooks f - a spellbook of detect food g - a spellbook of create monster j - a spellbook of stone to flesh Potions b - 4 potions of holy water s - a potion of restore ability Wands u - a wand of probing (0:7) Tools h - a bell Spells and supernatural/magical abilities: Name Level Category Fail Memory E - detect food 2 divination 39% 95% O - create monster 2 clerical 0% 95% W - pray for help -- divine ? -- X - turn undead -- divine ? -- Your skills at the end: Fighting Skills Weapon Skills mace [Basic] Spellcasting Skills clerical spells [Basic] Final Attributes: You were piously aligned. You had infravision. You were very fast. You are dead. Vanquished creatures: a kitten a hobgoblin a gecko 5 jackals a goblin 5 sewer rats 10 grid bugs 3 lichens 4 newts 31 creatures vanquished. Voluntary challenges: You were an atheist. You used a wielded weapon 34 times, starting on turn 78. You were illiterate. You never genocided any monsters. You never polymorphed an object. You never changed form. You used no wishes. You never split a pudding. You never wrote Elbereth's name. You never violated your personal moral code. Dungeon overview: The Dungeons of Doom: levels 1 to 4 Level 1 a long staircase Level 2 a delicatessen, a fountain a long staircase Level 3 Level 4 <- You were here History has recorded: On T:1 you entered the Dungeons of Doom to retrieve the Amulet of Yendor! On T:290 you reached level 2 of The Dungeons of Doom. On T:525 you advanced to experience level 2. On T:618 you reached level 3 of The Dungeons of Doom. On T:825 you reached level 4 of The Dungeons of Doom. On T:965 you advanced to experience level 3. Score breakdown: Gold: 291 ( 8386 points) Experience: 3 levels ( 7878 points) Exploration: 4 levels ( 8.51%) ( 7661 points) Discoveries: 2 items ( 0.70%) ( 2504 points) Valuables value: (no points given unless you survive) Artifact value: 0 ( 0 points) Variety of kills: 9 monsters ( 2.36%) ( 4610 points) Turncount: 1010 turns ( 0 points) Survival: died (score multiplied by 80%) Total score: 24831 Latest messages: The goblin throws a crude dagger! You stop running. You are almost hit by a crude dagger. v - a crude dagger. You kill the goblin! You displace your kitten. You see here an iron skull cap. r - an iron skull cap. You start equipping your iron skull cap. You are now wearing an iron skull cap. You stop running. (2x) The hobgoblin hits! You kill the hobgoblin! You hit the hobgoblin. The hobgoblin hits! Status of the hobgoblin (chaotic): Level 1 HP 1(4) Def 0. The hobgoblin is not carrying anything. The hobgoblin hits! You die... Final status: Goodbye Bloop the Priest, killed by a hobgoblin... You died in The Dungeons of Doom on dungeon level 4 with 24831 points, and 291 pieces of gold, after 1010 moves. You were level 3 with a maximum of 22 hit points when you died.